 Dungeon Crawl Stone Soup version 0.28-a0-385-g79de503ca0 (webtiles) character file.

Game seed: 7646563163884270216

36 Decipherer the Chopper (level 3, -3/33 HPs)
             Began as a Minotaur Berserker on Sept 3, 2021.
             Was a Believer of Trog.
             Slain by Sigmund (4 damage)
             ... on level 2 of the Dungeon.
             The game lasted 00:01:38 (1517 turns).

Decipherer the Chopper (Minotaur Berserker)         Turns: 1517, Time: 00:01:39

Health: -3/33      AC:  6    Str: 21    XL:     3   Next: 19%
Magic:  2/2        EV: 10    Int:  4    God:    Trog [**....]
Gold:   41         SH:  0    Dex: 10    Spells: 2/2 levels left

rFire   . . .      SeeInvis .   a - +0 hand axe
rCold   . . .      Faith    .   (no shield)
rNeg    . . .      Spirit   .   f - +0 scale mail
rPois   .          Reflect  .   (helmet restricted)
rElec   .          Harm     .   (no cloak)
rCorr   .          Rampage  .   (no gloves)
Will    ++...                   (no boots)
Stlth   ..........              (no amulet)
HPRegen 1.11/turn               (no ring)
MPRegen 0.08/turn               (no ring)

@: strong-willed, regenerating
A: horns 2, retaliatory headbutt
a: Renounce Religion, Berserk, Trog's Hand


You were on level 2 of the Dungeon.
You worshipped Trog.
Trog was pleased with you.
You visited 1 branch of the dungeon, and saw 2 of its levels.

You collected 41 gold pieces.

Inventory:

Hand Weapons
 a - a +0 hand axe (weapon)
Armour
 b - a +0 animal skin
 f - a +0 scale mail (worn)
Scrolls
 d - a scroll of amnesia
 e - a scroll of noise


   Skills:
 + Level 4.1 Fighting
 + Level 4.5 Axes
 + Level 2.6 Armour
 + Level 2.6 Dodging


You had 2 spell levels left.
You didn't know any spells.
Your spell library contained the following spells:

 Spells                   Type           Power      Damage    Failure   Level
 Sublimation of Blood     Necr           0%         N/A       93%         2
 Wereblood                Tmut           0%         N/A       93%         2
 Summon Hydra             Summ           0%         N/A       100%        7


Dungeon Overview and Level Annotations

Branches:
Dungeon (2/15)

Altars:

Annotations:
D:2 Sigmund


Innate Abilities, Weirdness & Mutations

You have a pair of horns on your head.
You reflexively headbutt those who attack you in melee.


Message History

You kill the rat!
Trog accepts your kill.
You barely miss the quokka. The quokka barely misses you.
The quokka closely misses you.
You hit the quokka.
The quokka is severely wounded.
The quokka bites you.
You barely miss the quokka.
The quokka is severely wounded.
The quokka twitches its whiskers.
The quokka barely misses you.
You hit the quokka.
The quokka is almost dead.
The quokka barely misses you.
You hit the quokka.
You kill the quokka!
Trog accepts your kill.
Sigmund screams, "Die, monster!"
You see here a quokka corpse.
Sigmund mumbles some strange words.
Sigmund flickers and vanishes!
You open the door.
A magic dart appears from out of thin air!
The magic dart hits you!
There is an open door here.
You are confused.
You are more confused.
You are too confused!
Something hits you!
* * * LOW HITPOINT WARNING * * *
Something freezes you.
* * * LOW HITPOINT WARNING * * *
You feel less confused.
Okay, then.
Your skin crawls.
You feel strong-willed. Something hits you!
* * * LOW HITPOINT WARNING * * *
Something freezes you.
You die...

######.## # #.......##
##.##+## #.##.....#
...#...## #.##.....#
##.....## #.##.....#
##.......###.##.....#
#.........##.#......###
+.....@{..'.........†.)
#.........####...######
##..####### ##### ##. #
.. ....


There were no monsters in sight!

Vanquished Creatures
  4 ball pythons
  7 endoplasms
  2 giant cockroaches
  2 hobgoblins
  4 jackals (D:1)
  3 quokkas
  A bat (D:1)
  A frilled lizard (D:2)
  3 kobolds
  4 rats
31 creatures vanquished.

Vanquished Creatures (others)
  13 toadstools (D:2)
13 creatures vanquished.

Grand Total: 44 creatures vanquished

Notes
Turn   | Place    | Note
-------+----------+-------------------------------------------
     0 | D:1      | Decipherer the Minotaur Berserker began the quest for the
                  | Orb.
     0 | D:1      | Reached XP level 1. HP: 19/19 MP: 0/0
   145 | D:1      | Reached XP level 2. HP: 25/27 MP: 1/1
   573 | D:1      | Found a faded altar of an unknown god.
  1028 | D:2      | Noticed Sigmund
  1037 | D:2      | HP: 1/27 [Sigmund (2)]
  1166 | D:2      | Reached XP level 3. HP: 15/33 MP: 2/2
  1380 | D:2      | Reached ** piety under Trog
  1517 | D:2      | HP: 1/33 [something (7)]
  1517 | D:2      | Slain by Sigmund

Illustrated notes

Levels and vault maps discovered:
D:1:      tarquinn_simple_flora_water_f, layout_basic,
          chequers_ecumenical_altar_grove
D:2:      cheibrodos_fertilizer, layout_loops_corners, uniq_sigmund

Skill      XL: |  1  2 |
---------------+-------+-----
Axes           | 4 |  4.5
Fighting       | 4 |  4.1
Armour         | |  2.6
Dodging        | |  2.6

Action                   || total
-------------------------++-------
Melee: Hand axe          ||    49
       Headbutt          ||     9
Invok: Berserk           ||     1
       Trog's Hand       ||     1
  Use: Scroll            ||     5
 Stab: Sleeping          ||     1
Armor: Animal skin       ||     7
       Scale mail        ||     1
Dodge: Dodged            ||    36

Table legend: (Time is in decaauts)
 A = Elapsed time spent in this place.
 B = Non-inter-level travel time spent in this place.
 C = Inter-level travel time spent in this place.
 D = Time resting spent in this place.
 E = Time spent auto-exploring this place.
 F = Levels seen in this place.
 G = Mean time per level.
                   A        B        C        D        E       F      G
               +--------+--------+--------+--------+--------+-----+--------+
         Total |   1536 |   1476 |     60 |      0 |   1257 |   2 |  768.0 |
       Dungeon |   1536 |   1476 |     60 |      0 |   1257 |   2 |  768.0 |
               +--------+--------+--------+--------+--------+-----+--------+

Top non-repeatable levels by time:
     D:1: 992 daAuts
     D:2: 544 daAuts
